 Dungeon Crawl Stone Soup version 0.27-a0-1188-g73eefd5def (webtiles) character file.

Game seed: 16284080222628062156

25 DasRunzen the Slasher (level 2, 0/24 HPs)
             Began as a Demigod Gladiator on May 21, 2021.
             Slain by Sigmund
             ... wielding a +0 scythe
              (11 damage)
             ... on level 2 of the Dungeon.
             The game lasted 00:01:06 (1595 turns).

DasRunzen the Slasher (Demigod Gladiator)           Turns: 1595, Time: 00:01:07

Health: 0/24       AC:  4    Str: 15    XL:     2   Next: 63%
Magic:  5/5        EV: 12    Int: 10    God:
Gold:   106        SH:  5    Dex: 15    Spells: 2/2 levels left

rFire    . . .     SeeInvis .   a - +0 long sword
rCold    . . .     Faith    .   (no shield)
rNeg     . . .     Spirit   .   b - +0 leather armour
rPois    .         Reflect  +   c - +0 helmet
rElec    .         Harm     .   (no cloak)
rCorr    +         Rampage  .   (no gloves)
Will     .....                  (no boots)
Stlth    +.........             g - amulet of reflection
HPRegen  0.08/turn              j - ring of resist corrosion
MPRegen  0.09/turn              (no ring)

@: no status effects
A: high mp 1, forlorn
a: no special abilities


You were on level 2 of the Dungeon.
You visited 1 branch of the dungeon, and saw 2 of its levels.

You collected 106 gold pieces.

Inventory:

Hand Weapons
 a - a +0 long sword (weapon)
Missiles
 d - 3 throwing nets (quivered)
Armour
 b - a +0 leather armour (worn)
 c - a +0 helmet (worn)
Jewellery
 g - an amulet of reflection (around neck)
 j - a ring of resist corrosion (left hand)
Scrolls
 f - 2 scrolls of amnesia
 i - a scroll of enchant armour {unknown}
Potions
 e - a potion of berserk rage {unknown}
 h - a potion of haste {unknown}


   Skills:
 + Level 2.1 Fighting
 + Level 2.9 Long Blades
 - Level 1.7 Throwing
 + Level 0.7 Armour
 + Level 2.9 Dodging
 + Level 0.6 Spellcasting


You had 2 spell levels left.
You didn't know any spells.
Your spell library was empty.

Dungeon Overview and Level Annotations

Branches:
Dungeon (2/15)

Annotations:
D:2 Sigmund


Innate Abilities, Weirdness & Mutations

Your attributes grow dramatically as you level up.
You have an increased reservoir of magic. (+10% MP)
You shall have no god before yourself.


Message History

A ball python is nearby!
You hit the ball python.
The ball python is moderately wounded.
The ball python misses you. The ball python closely misses you.
You slash the ball python!
You kill the ball python!
No target in view!
Found 15 arrows.
j - a ring of resist corrosion
j - a ring of resist corrosion (left hand)
You start putting on your amulet.
You continue putting on your amulet of reflection. x5
You finish putting on your amulet of reflection.
You feel a shielding aura gather around you.
g - an amulet of reflection (around neck)
An endoplasm comes into view.
The endoplasm quivers.
You block the endoplasm's attack.
You hit the endoplasm.
The endoplasm is lightly wounded.
You block the endoplasm's attack.
You slash the endoplasm!
You kill the endoplasm!
No target in view!
Sigmund the Dreaded comes into view.
He is wielding a +0 scythe.
Sigmund shouts!
You aren't carrying any items that you can evoke.
Sigmund barely misses you. Sigmund hits you with a +0 scythe.
You closely miss Sigmund.
Sigmund points at himself and mumbles some strange words.
Sigmund flickers and vanishes!
Deactivating autopickup; reactivate with Ctrl-A.
No target in view!
You barely miss something.
You hear some strange, mumbled words.
A puff of flame appears from out of thin air!
The puff of flame hits you. Something hits you.
You barely miss something. Something hits you!
You die...

....##....##....
.....#......#....
.....#......#...
.....##..(.##..
....#.##..##.#
#.#.#..#.#.#
#.#....#.#
#.##......##.#
#....@.....#
#.....{......#
...............
...............
.###########.##
.# .


There were no monsters in sight!

Vanquished Creatures
  2 bats (D:1)
  3 endoplasms
  3 goblins
  A hobgoblin (D:2)
  4 jackals (D:1)
  2 quokkas (D:1)
  2 ball pythons
  A frilled lizard (D:1)
  2 kobolds (D:1)
  2 rats (D:1)
22 creatures vanquished.

Notes
Turn   | Place    | Note
-------+----------+-------------------------------------------
     0 | D:1      | DasRunzen the Demigod Gladiator began the quest for the
                  | Orb.
     0 | D:1      | Reached XP level 1. HP: 17/17 MP: 3/3
   497 | D:1      | Reached XP level 2. HP: 15/24 MP: 4/4
  1588 | D:2      | Noticed Sigmund
  1595 | D:2      | Slain by Sigmund

Illustrated notes

Levels and vault maps discovered:
D:1:      dpeg_arrival_three_same_balls, layout_basic, serial_forest,
          infiniplex_forest_lined_corner, infiniplex_forest_split,
          infiniplex_forest_lined_ring, infiniplex_forest_straight_3,
          infiniplex_forest_clump_double, infiniplex_forest_clump_tiny,
          minmay_tetromino_l2
D:2:      layout_basic, hangedman_abyss_or_decor_lesser_grid,
          minmay_crystal_water, kennysheep_path_1,
          minmay_misc_feat_secret_circle, uniq_sigmund

Skill      XL: |  1  2 |
---------------+-------+-----
Fighting       | 2 |  2.1
Long Blades    | |  2.9
Throwing       | |  1.7
Armour         | |  0.7
Dodging        | |  2.9
Spellcasting   | |  0.6

Action                   || total
-------------------------++-------
Melee: Long sword        ||    61
  Use: Scroll            ||     2
Armor: Leather armour    ||    13
Dodge: Dodged            ||    45
Block: Other             ||     2
       Rpst.: Long sword ||    16

Table legend: (Time is in decaauts)
 A = Elapsed time spent in this place.
 B = Non-inter-level travel time spent in this place.
 C = Inter-level travel time spent in this place.
 D = Time resting spent in this place.
 E = Time spent auto-exploring this place.
 F = Levels seen in this place.
 G = Mean time per level.
                   A        B        C        D        E       F      G
               +--------+--------+--------+--------+--------+-----+--------+
         Total |   1610 |   1585 |     25 |    176 |   1246 |   2 |  805.0 |
       Dungeon |   1610 |   1585 |     25 |    176 |   1246 |   2 |  805.0 |
               +--------+--------+--------+--------+--------+-----+--------+

Top non-repeatable levels by time:
     D:1: 1387 daAuts
     D:2: 222 daAuts
